3AA
VIRGINIA BEACH DEUCES @ SAN BERNARDINO GRASSHOPPERS
07/18/2027
 
TOP OF THE 1ST
Virginia Beach Deuces batting - Pitching for San Bernardino Grasshoppers : RHP Carlos Peret
Pitching: RHP Carlos Peret
Batting: RHB Reg Spiers 0-0: Fly out, F8 (Flyball, 8LM)
Batting: RHB Zander Bailey 0-0: Fly out, F7 (Flyball, 7LS)
Batting: RHB Juan González 0-0: Ball
1-0: Called Strike
1-1: Ground out 5-3 (Groundball, 56)
Top of the 1st over - 0 run(s), 0 hit(s), 0 error(s), 0 left on base; Virginia Beach 0 - San Bernardino 0
BOTTOM OF THE 1ST
San Bernardino Grasshoppers batting - Pitching for Virginia Beach Deuces : RHP Orlando Uribe
Pitching: RHP Orlando Uribe
Batting: RHB Jorge Estrada 0-0: SINGLE (Groundball, 4M) (infield hit)
Batting: RHB Alwin Vreekamp 0-0: Ball
1-0: Fly out, F8 (Line Drive, 8LM)
Batting: RHB Jaime López 0-0: Foul Ball, location: 2F
0-1: Foul Ball, location: 2F
0-2: Ball
Jorge Estrada steals 2nd base
1-2: Ball
2-2: Foul Ball, location: 2F
2-2: Strikes out swinging
Batting: SHB Mario Domondón 0-0: Called Strike
0-1: Foul Ball, location: 2F
0-2: Ball
1-2: Strikes out looking
Bottom of the 1st over - 0 run(s), 1 hit(s), 0 error(s), 1 left on base; Virginia Beach 0 - San Bernardino 0
TOP OF THE 2ND
Virginia Beach Deuces batting - Pitching for San Bernardino Grasshoppers : RHP Carlos Peret
Batting: LHB Atílio Mansilhas 0-0: Ball
1-0: Ball
2-0: Ball
3-0: Called Strike
3-1: Called Strike
3-2: Strikes out swinging
Batting: SHB Carlos Pérez 0-0: Called Strike
0-1: Ball
1-1: Ball
2-1: SOLO HOME RUN (Flyball, 9D), Distance : 380 ft
Batting: RHB Dennis Dudash 0-0: Bunted foul
0-1: Ball
1-1: Ball
2-1: Ball
3-1: Base on Balls
Batting: RHB Rodney Dudley 0-0: Ball
1-0: Ball
2-0: Ball
3-0: Swinging Strike
3-1: Called Strike
3-2: Fly out, F4 (Line Drive, 4)
Batting: RHB Clarence Weber 0-0: Ball
1-0: Called Strike
Dennis Dudash steals 2nd base
1-1: DOUBLE (Line Drive, 89XD)
Dennis Dudash scores
Batting: RHB James Hill 0-0: Ball
1-0: Called Strike
1-1: Ground out 5-3 (Groundball, 56)
Top of the 2nd over - 2 run(s), 2 hit(s), 0 error(s), 1 left on base; Virginia Beach 2 - San Bernardino 0
BOTTOM OF THE 2ND
San Bernardino Grasshoppers batting - Pitching for Virginia Beach Deuces : RHP Orlando Uribe
Batting: RHB Edgardo Bello 0-0: Called Strike
0-1: Ball
1-1: Ball
2-1: Foul Ball, location: 2F
2-2: Fly out, F9 (Flyball, 9S)
Batting: RHB Martín Placido 0-0: Foul Ball, location: 2F
0-1: Fly out, F6 (Line Drive, 6)
Batting: RHB Manuel García 0-0: Ball
1-0: Called Strike
1-1: Foul Ball, location: 2F
1-2: Ball
2-2: Fly out, F4 (Line Drive, 4M)
Bottom of the 2nd over - 0 run(s), 0 hit(s), 0 error(s), 0 left on base; Virginia Beach 2 - San Bernardino 0
TOP OF THE 3RD
Virginia Beach Deuces batting - Pitching for San Bernardino Grasshoppers : RHP Carlos Peret
Batting: RHB Reg Spiers 0-0: Foul Ball, location: 2F
0-1: Ball
1-1: Foul Ball, location: 2F
1-2: Strikes out looking
Batting: RHB Zander Bailey 0-0: Foul Ball, location: 2F
0-1: Ball
1-1: Ground out 6-3 (Groundball, 6)
Batting: RHB Juan González 0-0: Swinging Strike
0-1: Swinging Strike
0-2: Ball
1-2: Ball
2-2: Fly out, F7 (Flyball, 7S)
Top of the 3rd over - 0 run(s), 0 hit(s), 0 error(s), 0 left on base; Virginia Beach 2 - San Bernardino 0
BOTTOM OF THE 3RD
San Bernardino Grasshoppers batting - Pitching for Virginia Beach Deuces : RHP Orlando Uribe
Batting: SHB Noel King 0-0: Ball
1-0: Called Strike
1-1: Ground out 4-3 (Groundball, 4M)
Batting: RHB Francisco Rodríguez 0-0: Called Strike
0-1: Swinging Strike
0-2: Foul Ball, location: 2F
0-2: Ball
1-2: Ball
2-2: Foul Ball, location: 2F
2-2: Fly out, F9 (Flyball, 9LMF)
Batting: RHB Jorge Estrada 0-0: Ball
1-0: Foul Ball, location: 2F
1-1: Ball
2-1: Foul Ball, location: 2F
2-2: Strikes out swinging
Bottom of the 3rd over - 0 run(s), 0 hit(s), 0 error(s), 0 left on base; Virginia Beach 2 - San Bernardino 0
TOP OF THE 4TH
Virginia Beach Deuces batting - Pitching for San Bernardino Grasshoppers : RHP Carlos Peret
Batting: LHB Atílio Mansilhas 0-0: Swinging Strike
0-1: SINGLE (Groundball, 6MD)
Batting: SHB Carlos Pérez 0-0: Ball
1-0: Called Strike
1-1: Ball
2-1: Foul Ball, location: 2F
2-2: Foul Ball, location: 2F
2-2: Strikes out swinging
Batting: RHB Dennis Dudash 0-0: Ball
Atílio Mansilhas steals 2nd base
1-0: DOUBLE (Line Drive, 3D)
Atílio Mansilhas scores
Batting: RHB Rodney Dudley 0-0: Called Strike
Dennis Dudash steals 3rd base
0-1: Ground out 5-3 (Groundball, 56S)
Dennis Dudash scores
Batting: RHB Clarence Weber 0-0: Called Strike
0-1: SINGLE (Line Drive, 6D)
Batting: RHB James Hill 0-0: Foul Ball, location: 2F
0-1: Ball
1-1: Ball
2-1: Called Strike
2-2: SINGLE (Groundball, 6D)
Clarence Weber to second
Batting: RHB Reg Spiers 0-0: Called Strike
0-1: Foul Ball, location: 2F
0-2: Ball
1-2: SINGLE (Line Drive, 56D)
Clarence Weber to third
James Hill to second
Runner from 3rd tries for Home, SAFE, no throw
Batting: RHB Zander Bailey 0-0: Ball
1-0: Ball
2-0: Called Strike
2-1: Ball
3-1: Base on Balls
James Hill to third
Reg Spiers to second
Batting: RHB Juan González 0-0: Foul Ball, location: 2F
0-1: Ball
1-1: Foul Ball, location: 2F
1-2: Hit by Pitch
James Hill scores
Reg Spiers to third
Zander Bailey to second
Batting: LHB Atílio Mansilhas 0-0: DOUBLE (Groundball, 5L)
Reg Spiers scores
Zander Bailey scores
Juan González to third
Runner from 3rd tries for Home, SAFE, no throw
Pitching: RHP Arturo Villa
Batting: SHB Carlos Pérez 0-0: Ball
1-0: Ball
2-0: Ball
3-0: Foul Ball, location: 2F
3-1: Swinging Strike
3-2: Foul Ball, location: 2F
3-2: Foul Ball, location: 2F
3-2: Strikes out swinging
Top of the 4th over - 7 run(s), 6 hit(s), 0 error(s), 1 left on base; Virginia Beach 9 - San Bernardino 0
BOTTOM OF THE 4TH
San Bernardino Grasshoppers batting - Pitching for Virginia Beach Deuces : RHP Orlando Uribe
Batting: RHB Alwin Vreekamp 0-0: Called Strike
0-1: Swinging Strike
0-2: Foul Ball, location: 2F
0-2: Strikes out swinging
Batting: RHB Jaime López 0-0: Ball
1-0: Swinging Strike
1-1: Ball
2-1: TRIPLE (Flyball, 7D)
Batting: SHB Mario Domondón 0-0: Ball
1-0: Ball
2-0: SINGLE (Line Drive, 89S)
Jaime López scores
Batting: RHB Edgardo Bello 0-0: Ball
1-0: Grounds into double play, 6-4-3 (Groundball, 6)
Bottom of the 4th over - 1 run(s), 2 hit(s), 0 error(s), 0 left on base; Virginia Beach 9 - San Bernardino 1
TOP OF THE 5TH
Virginia Beach Deuces batting - Pitching for San Bernardino Grasshoppers : RHP Arturo Villa
Batting: RHB Dennis Dudash 0-0: Called Strike
0-1: Ball
1-1: SINGLE (Line Drive, 7S)
Batting: RHB Rodney Dudley 0-0: Ball
1-0: Ball
2-0: Ball
3-0: Called Strike
3-1: Base on Balls
Dennis Dudash to second
Batting: RHB Clarence Weber 0-0: Ball
1-0: Fielders Choice at 2nd, 6-4 (Groundball, 6MD)
Dennis Dudash to third
Batting: RHB James Hill 0-0: Ball
1-0: SINGLE (Line Drive, 6MD)
Dennis Dudash scores
Clarence Weber to second
Batting: RHB Reg Spiers 0-0: Called Strike
0-1: Ball
1-1: SINGLE (Groundball, 4MD)
Clarence Weber to third
James Hill to second
Runner from 3rd tries for Home, SAFE, no throw
Batting: RHB Zander Bailey 0-0: Ball
1-0: Called Strike
1-1: Fly out, F8 (Flyball, 78S)
Batting: RHB Juan González 0-0: Ball
1-0: Ball
2-0: Ball
3-0: Base on Balls
James Hill to third
Reg Spiers to second
Batting: LHB Atílio Mansilhas 0-0: SINGLE (Line Drive, 78M)
James Hill scores
Reg Spiers to third
Juan González to second
Runner from 3rd tries for Home, throw and OUT!
Top of the 5th over - 3 run(s), 4 hit(s), 0 error(s), 2 left on base; Virginia Beach 12 - San Bernardino 1
BOTTOM OF THE 5TH
San Bernardino Grasshoppers batting - Pitching for Virginia Beach Deuces : RHP Orlando Uribe
Batting: RHB Martín Placido 0-0: Called Strike
0-1: Ball
1-1: Called Strike
1-2: Foul Ball, location: 2F
1-2: Foul Ball, location: 2F
1-2: Foul Ball, location: 2F
1-2: Strikes out looking
Batting: RHB Manuel García 0-0: Ball
1-0: Foul Ball, location: 2F
1-1: Fly out, F8 (Flyball, 8LM)
Batting: SHB Noel King 0-0: Called Strike
0-1: Ground out 5-3 (Groundball, 5L)
Bottom of the 5th over - 0 run(s), 0 hit(s), 0 error(s), 0 left on base; Virginia Beach 12 - San Bernardino 1
TOP OF THE 6TH
Virginia Beach Deuces batting - Pitching for San Bernardino Grasshoppers : RHP Arturo Villa
Batting: SHB Carlos Pérez 0-0: Ball
1-0: Ball
2-0: Called Strike
2-1: Ball
3-1: Foul Ball, location: 2F
3-2: Base on Balls
Batting: RHB Dennis Dudash 0-0: Ball
1-0: Ball
2-0: Foul Ball, location: 2F
2-1: Ball
3-1: Fielders Choice at 2nd, 2-4 (Groundball, 2L)
Batting: RHB Rodney Dudley 0-0: Foul Ball, location: 2F
0-1: Swinging Strike
0-2: Ball
1-2: Fly out, F9 (Flyball, 9S)
Batting: RHB Clarence Weber 0-0: Called Strike
0-1: Called Strike
0-2: Foul Ball, location: 2F
0-2: Fly out, F9 (Flyball, 9S)
Top of the 6th over - 0 run(s), 0 hit(s), 0 error(s), 1 left on base; Virginia Beach 12 - San Bernardino 1
BOTTOM OF THE 6TH
San Bernardino Grasshoppers batting - Pitching for Virginia Beach Deuces : RHP Orlando Uribe
Batting: RHB Francisco Rodríguez 0-0: Foul Ball, location: 2F
0-1: Ground out 6-3 (Groundball, 6S)
Batting: RHB Jorge Estrada 0-0: Called Strike
0-1: Ball
1-1: Ground out 1-3 (Groundball, P)
Batting: RHB Alwin Vreekamp 0-0: Called Strike
0-1: Ball
1-1: Fly out, F9 (Line Drive, 9LM)
Bottom of the 6th over - 0 run(s), 0 hit(s), 0 error(s), 0 left on base; Virginia Beach 12 - San Bernardino 1
TOP OF THE 7TH
Virginia Beach Deuces batting - Pitching for San Bernardino Grasshoppers : RHP Arturo Villa
Batting: RHB James Hill 0-0: Called Strike
0-1: Ball
1-1: Ground out 4-3 (Groundball, 4MS)
Batting: RHB Reg Spiers 0-0: Ball
1-0: Called Strike
1-1: Ball
2-1: Ball
3-1: SINGLE (Line Drive, 56D)
Pitching: RHP Max Cook
Batting: RHB Zander Bailey 0-0: SINGLE (Groundball, 56D)
Reg Spiers to second
Batting: RHB Juan González 0-0: Ball
1-0: Hit by Pitch
Reg Spiers to third
Zander Bailey to second
Batting: LHB Atílio Mansilhas 0-0: Ball
1-0: Ball
2-0: Swinging Strike
2-1: DOUBLE (Line Drive, 78D)
Reg Spiers scores
Zander Bailey scores
Juan González to third
Batting: SHB Carlos Pérez 0-0: Called Strike
0-1: SINGLE (Flyball, 78S)
Juan González scores
Atílio Mansilhas to third
Runner from 3rd tries for Home, SAFE, no throw
Batting: RHB Dennis Dudash 0-0: Fielders Choice at 2nd, 3-6 (Groundball, 34)
Batting: RHB Rodney Dudley 0-0: Swinging Strike
0-1: Foul Ball, location: 2F
0-2: Fly out, F9 (Line Drive, 89S)
Top of the 7th over - 4 run(s), 4 hit(s), 0 error(s), 1 left on base; Virginia Beach 16 - San Bernardino 1
BOTTOM OF THE 7TH
San Bernardino Grasshoppers batting - Pitching for Virginia Beach Deuces : RHP Orlando Uribe
Batting: RHB Jaime López 0-0: SOLO HOME RUN (Flyball, 7D), Distance : 374 ft
Batting: SHB Mario Domondón 0-0: Fly out, F8 (Flyball, 78M)
Batting: RHB Edgardo Bello 0-0: Swinging Strike
0-1: Foul Ball, location: 2F
0-2: Ball
1-2: Ground out 6-3 (Groundball, 6S)
Batting: RHB Martín Placido 0-0: Ground out 6-3 (Groundball, 56D)
Bottom of the 7th over - 1 run(s), 1 hit(s), 0 error(s), 0 left on base; Virginia Beach 16 - San Bernardino 2
TOP OF THE 8TH
Virginia Beach Deuces batting - Pitching for San Bernardino Grasshoppers : RHP Max Cook
Pinch Hitting: LHB Félix González 0-0: Called Strike
0-1: Foul Ball, location: 2F
0-2: Ball
1-2: Ball
2-2: Strikes out swinging
Batting: RHB James Hill 0-0: Called Strike
0-1: Ball
1-1: Ball
2-1: Ball
3-1: Base on Balls
Pinch Hitting: RHB Gray Buddenberg 0-0: Foul Ball, location: 2F
0-1: Called Strike
0-2: Foul Ball, location: 2F
0-2: Ball
1-2: Foul Ball, location: 2F
1-2: Fly out, F9 (Flyball, 9LS)
Batting: RHB Zander Bailey 0-0: Ball
1-0: Ball
2-0: Ball
3-0: Base on Balls
James Hill to second
Pinch Hitting: LHB Ramón Castro 0-0: Called Strike
0-1: Foul Ball, location: 2F
0-2: Foul Ball, location: 2F
0-2: Ball
1-2: Ball
2-2: Foul Ball, location: 2F
2-2: Fly out, F5 (Line Drive, 56S)
Top of the 8th over - 0 run(s), 0 hit(s), 0 error(s), 2 left on base; Virginia Beach 16 - San Bernardino 2
BOTTOM OF THE 8TH
San Bernardino Grasshoppers batting - Pitching for Virginia Beach Deuces : RHP Orlando Uribe
Now at 2B: Gray Buddenberg
Now at 3B: Ramón Castro
Now in LF: Félix González
Batting: RHB Manuel García 0-0: Ball
1-0: Ball
2-0: Called Strike
2-1: Called Strike
2-2: Ball
3-2: Base on Balls
Batting: SHB Noel King 0-0: Foul Ball, location: 2F
0-1: Ball
1-1: Swinging Strike
1-2: Foul Ball, location: 2F
1-2: Ball
2-2: Ball
3-2: Ground out 4-3 (Groundball, 4S)
Manuel García to second
Batting: RHB Francisco Rodríguez 0-0: Ball
1-0: Ball
2-0: Ball
3-0: Called Strike
3-1: Ground out 4-3 (Groundball, 4MS)
Manuel García to third
Batting: RHB Jorge Estrada 0-0: Swinging Strike
0-1: Ball
1-1: DOUBLE (Line Drive, 7LM)
Manuel García scores
Batting: RHB Alwin Vreekamp 0-0: Foul Ball, location: 2F
0-1: Swinging Strike
0-2: Foul Ball, location: 2F
0-2: DOUBLE (Line Drive, 7LM)
Jorge Estrada scores
Batting: RHB Jaime López 0-0: Ball
1-0: Foul Ball, location: 2F
1-1: Ball
2-1: Ball
3-1: Base on Balls
Batting: SHB Mario Domondón 0-0: Foul Ball, location: 2F
0-1: Foul Ball, location: 2F
0-2: Fly out, F6 (Line Drive, 6)
Bottom of the 8th over - 2 run(s), 2 hit(s), 0 error(s), 2 left on base; Virginia Beach 16 - San Bernardino 4
TOP OF THE 9TH
Virginia Beach Deuces batting - Pitching for San Bernardino Grasshoppers : RHP Max Cook
Batting: LHB Atílio Mansilhas 0-0: Swinging Strike
0-1: Swinging Strike
0-2: Strikes out looking
Batting: SHB Carlos Pérez 0-0: Foul Ball, location: 2F
0-1: Ball
1-1: SINGLE (Groundball, 3L) (infield hit)
Batting: RHB Dennis Dudash 0-0: Called Strike
0-1: Ball
1-1: Ball
2-1: Swinging Strike
2-2: Foul Ball, location: 2F
2-2: 2-RUN HOME RUN (Flyball, 78XD), Distance : 412 ft
Pitching: LHP Dan McBride
Batting: RHB Rodney Dudley 0-0: Ball
1-0: Ball
2-0: Called Strike
2-1: Fly out, F9 (Flyball, 9S)
Batting: LHB Félix González 0-0: Swinging Strike
0-1: Fly out, F4 (Line Drive, 4)
Top of the 9th over - 2 run(s), 2 hit(s), 0 error(s), 0 left on base; Virginia Beach 18 - San Bernardino 4
BOTTOM OF THE 9TH
San Bernardino Grasshoppers batting - Pitching for Virginia Beach Deuces : RHP Orlando Uribe
Pitching: RHP Shigeko Sakoda
Now at C: Salvadaro Meireles
Now in CF: Gabriel Pittman
Batting: RHB Edgardo Bello 0-0: Foul Ball, location: 2F
0-1: Ground out 6-3 (Groundball, 56)
Pinch Hitting: RHB Jorge Durán 0-0: Ball
1-0: Foul Ball, location: 2F
1-1: Ball
2-1: Foul Ball, location: 2F
2-2: Ball
3-2: SINGLE (Groundball, 34D)
Batting: RHB Manuel García 0-0: Ball
1-0: Ball
2-0: Ball
3-0: Base on Balls
Jorge Durán to second
Batting: SHB Noel King 0-0: Fielders Choice at 2nd, 5-4 (Groundball, 56)
Jorge Durán to third
Batting: RHB Francisco Rodríguez 0-0: Fielders Choice at 2nd, 6-4 (Groundball, 6)
Bottom of the 9th over - 0 run(s), 1 hit(s), 0 error(s), 1 left on base; Virginia Beach 18 - San Bernardino 4
Saturday, May 26th, 2018 - OOTP Baseball 17.12 Build 75